 Dungeon Crawl Stone Soup version 0.19.1 (webtiles) character file.

1430 Mesmaeker13 the Conjurer (level 8, -6/57 HPs)
             Began as a Mottled Draconian Wizard on Dec 14, 2016.
             Killed from afar by an orc wizard (8 damage)
             ... with a magic dart
             ... on level 4 of the Dungeon.
             The game lasted 00:22:53 (7225 turns).

Mesmaeker13 the Conjurer (Mottled Draconian Wizard) Turns: 7225, Time: 00:22:53

Health: -6/57      AC:  9    Str: 10    XL:     8   Next: 45%
Magic:  12/12      EV: 12    Int: 20    God:
Gold:   280        SH:  0    Dex: 10    Spells: 4 memorised, 4 levels left

rFire  . . .     SeeInvis .     d - +4 quarterstaff (chaos)
rCold  + . .     Gourm    +     (armour unavailable)
rNeg   . . .     Faith    .     (shield currently unavailable)
rPois  .         Spirit   .     a - +0 hat
rElec  .         Reflect  .     k - +1 cloak
rCorr  .         Harm     .     y - +0 pair of gloves
MR     .....     Rnd*Rage +     (no boots)
Stlth  ++........               t - amulet of the gourmand
                                (no ring)
                                (no ring)

@: lethally poisoned (-6 -> -38)
A: breathe sticky flame splash, unfitting armour, berserk 1, cold resistance 1,
sense surroundings 1, cold-blooded, AC +6
a: Breathe Sticky Flame


You were on level 4 of the Dungeon.
You were very full.

You visited 2 branches of the dungeon, and saw 7 of its levels.

You collected 280 gold pieces.

Inventory:

Hand Weapons
 d - a +4 quarterstaff of chaos (weapon)
 w - a +2 spear of venom
 A - a +0 short sword
Missiles
 m - a throwing net (quivered)
 o - 24 poisoned needles
Armour
 a - a +0 hat (worn)
 k - a +1 cloak (worn)
 y - a +0 pair of gloves (worn)
Jewellery
 t - an amulet of the gourmand (around neck)
Wands
 g - a wand of slowing (20/48)
Scrolls
 e - a scroll of recharging {unknown}
 h - 2 scrolls of teleportation
 l - 2 scrolls of noise {unknown}
 n - a scroll of random uselessness {unknown}
 p - a scroll of fear
 q - 2 scrolls of amnesia
 r - a scroll of remove curse {unknown}
 s - a scroll of magic mapping
 u - 2 scrolls of enchant weapon {unknown}
 x - a scroll of blinking
Potions
 z - a potion of invisibility {unknown}
Books
 b - a book of Minor Magic

   Spells                             Type                      Level
   a - Magic Dart                     Conjuration                  1
   b - Blink                          Translocation                2
   c - Call Imp                       Summoning                    2
   d - Repel Missiles                 Charms/Air                   2
   e - Slow                           Hexes                        2
   f - Conjure Flame                  Conjuration/Fire             3
   g - Mephitic Cloud                 Conjuration/Poison/Air       3
Comestibles
 c - 2 bread rations
 f - a slice of pizza
 i - a royal jelly
 j - 4 meat rations


   Skills:
 + Level 2.9 Dodging
 - Level 1.7 Stealth
 - Level 3.0 Spellcasting
 - Level 6.1 Conjurations
 - Level 5.0 Summonings
   Level 1.0 Translocations
 + Level 3.3 Fire Magic
 + Level 5.2 Air Magic


You had 4 spell levels left.
You knew the following spells:

 Your Spells              Type           Power        Failure   Level  Hunger
a - Magic Dart            Conj           ####         1%          1    None
b - Call Imp              Summ           ###.....     2%          2    ##.....
c - Mephitic Cloud        Conj/Pois/Air  ###.....     10%         3    ###....
d - Conjure Flame         Conj/Fire      ###.....     10%         3    ###....


Dungeon Overview and Level Annotations

Branches:
Dungeon (6/15)             Temple (1/1) D:5

Altars:
Ashenzari
Dithmenos
Elyvilon
Fedhas
Gozag
Hepliaklqana
Kikubaaqudgha
Makhleb
Okawaru
Ru
Trog
Uskayaw
Vehumet
Xom
Yredelemnul
Zin
The Shining One

Annotations:
D:4 Eustachio
D:6 Tramtrist's ghost, novice SpAs


Innate Abilities, Weirdness & Mutations

You can spit globs of burning liquid.
You can ignite nearby creatures when you spit burning liquid.
Your weird mottled scales are hard. (AC +6)
You cannot fit into any form of body armour.
You are cold-blooded and may be slowed by cold attacks.
You tend to lose your temper in combat.
Your flesh is cold resistant. (rC+)
You passively map a small area around you.


Message History

You feel very sick. Something hits you but does no damage.
You are more poisoned.
You barely miss something.
You feel very sick.
You hear some strange, mumbled words.
A magic dart appears from out of thin air!
The magic dart hits you!
* * * LOW HITPOINT WARNING * * *
You hit something.
* * * LOW HITPOINT WARNING * * *
You feel very sick.
You hear some strange, mumbled words.
A puff of flame appears from out of thin air!
The puff of flame hits you!
* * * LOW HITPOINT WARNING * * *
You hear some strange, mumbled words.
A magic dart appears from out of thin air!
The magic dart hits you!
You die...

#......#........#....#)....#
##...###......######[>#...##
#######......###..########
#...[..........#
#..............#
#....<.........#
#.)............#
#..............#
#.)...@........# ***
##[##.{..####'######### ,
#.##....####.#..#.....
.......(..........@)..
,,,.......................
.................. ..... * *
, ...##.....###...# ...# , ,
....##.....###...####'##
#...........#......


There were no monsters in sight!

Vanquished Creatures
  Sigmund (D:2)
  Menkaure (D:5)
  Duvessa (D:4)
  A water moccasin (D:6)
  A sky beast (D:5)
  2 bullfrogs (D:6)
  Dowan (D:4)
  A crimson imp (D:6)
  A quasit (D:6)
  A hound (D:5)
  Crazy Yiuf (D:2)
  2 centaur skeletons
  A bullfrog skeleton (D:6)
  2 iguanas (D:6)
  3 orc wizards
  2 worker ants
  A hound zombie (D:6)
  10 adders
  3 worms
  3 dart slugs
  A leopard gecko (D:5)
  13 orcs
  4 giant cockroaches
  7 goblins
  11 hobgoblins
  2 jackals (D:3)
  4 quokkas
  4 bats
  7 frilled lizards
  A giant cockroach zombie (D:5)
  5 kobolds (D:1)
  3 rats
101 creatures vanquished.

Vanquished Creatures (collateral kills)
  The ghost of feelmyfire the Poker, an amateur DrCK of Xom (D:4)
  A worker ant (D:5)
  2 adders
  A leopard gecko (D:4)
  2 orcs (D:4)
  A jackal (D:3)
  A frilled lizard (D:2)
  A quokka skeleton (D:3)
10 creatures vanquished.

Vanquished Creatures (others)
  An orc wizard (D:6)
1 creature vanquished.

Grand Total: 112 creatures vanquished

Notes
Turn   | Place    | Note
-------+----------+-------------------------------------------
     0 | D:1      | Mesmaeker13 the Draconian Wizard began the quest for the Orb.
     0 | D:1      | Reached XP level 1. HP: 14/14 MP: 4/4
   197 | D:1      | Reached skill level 2 in Conjurations
   220 | D:1      | Reached XP level 2. HP: 20/20 MP: 4/6
   946 | D:2      | Learned a level 2 spell: Call Imp
   970 | D:2      | Reached skill level 3 in Conjurations
   970 | D:2      | Reached XP level 3. HP: 23/26 MP: 4/7
  1158 | D:2      | Noticed Sigmund
  1356 | D:2      | HP: 1/26 [something/magic dart (5)]
  2127 | D:3      | Reached XP level 4. HP: 28/33 MP: 0/8
  2933 | D:4      | Noticed Eustachio
  3263 | D:4      | Noticed feelmyfire's ghost (amateur DrCK)
  3341 | D:5      | Entered Level 5 of the Dungeon
  3430 | D:5      | Found a staircase to the Ecumenical Temple.
  3445 | Temple   | Entered the Ecumenical Temple
  3544 | D:5      | Gained mutation: You passively map a small area around you. [potion of mutation]
  3544 | D:5      | Gained mutation: Your flesh is cold resistant. (rC+) [potion of mutation]
  3544 | D:5      | Gained mutation: You tend to lose your temper in combat. [potion of mutation]
  3640 | D:5      | Reached skill level 4 in Conjurations
  3640 | D:5      | Reached XP level 5. HP: 38/38 MP: 7/9
  3645 | D:5      | Learned a level 3 spell: Mephitic Cloud
  3662 | D:5      | Noticed Menkaure
  3685 | D:4      | Noticed Duvessa
  3710 | D:4      | Noticed Dowan
  3731 | D:4      | Killed Duvessa
  3731 | D:4      | Reached skill level 1 in Air Magic
  3737 | D:4      | Killed Dowan
  3892 | D:4      | Reached XP level 6. HP: 19/45 MP: 6/10
  4527 | D:2      | Killed Sigmund
  4788 | D:2      | Reached skill level 5 in Conjurations
  4954 | D:2      | Found a radiant altar of Vehumet.
  5009 | D:2      | Found a runed door.
  5013 | D:2      | Noticed Crazy Yiuf
  5022 | D:2      | Killed Crazy Yiuf
  5283 | D:4      | Your scales start taking on a weird mottled colour.
  5283 | D:4      | Reached XP level 7. HP: 50/50 MP: 9/11
  5288 | D:4      | Learned a level 3 spell: Conjure Flame
  5605 | D:5      | Killed Menkaure
  6127 | D:5      | Found a hazy altar of Hepliaklqana.
  6127 | D:5      | Found a white marble altar of Elyvilon.
  6223 | D:6      | Reached skill level 5 in Summonings
  6326 | D:6      | Reached skill level 1 in Fire Magic
  6329 | D:6      | Reached skill level 6 in Conjurations
  6332 | D:6      | Reached XP level 8. HP: 49/57 MP: 12/12
  6624 | D:6      | Noticed Tramtrist's ghost (novice SpAs)
  6996 | D:4      | Killed feelmyfire's ghost
  6996 | D:4      | Reached skill level 5 in Air Magic
  7225 | D:4      | HP: 2/57 [something/puff of flame (8)]
  7225 | D:4      | Killed from afar by an orc wizard

Skill      XL: |  1  2  3  4  5  6  7  8 |
---------------+-------------------------+-----
Conjurations   | 2 3 4 5 6 |  6.1
Summonings     | 2 3 4 5 |  5.0
Air Magic      | 1 2 4 5 |  5.2
Fire Magic     | 1 3 |  3.3
Dodging        | 2 |  2.9
Stealth        | |  1.7
Spellcasting   | |  3.0
Translocations | |  1.0

Action                   |  1- 3 |  4- 6 |  7- 9 || total
-------------------------+-------+-------+-------++-------
Melee: Spear             |    43 |    26 |    52 ||   121
       Tailslap          |     5 |    10 |     8 ||    23
       Dagger            |    63 |   136 |       ||   199
       Quarterstaff      |       |     3 |    89 ||    92
       Unarmed           |       |     1 |       ||     1
Throw: Throwing net      |     2 |       |       ||     2
 Cast: Magic Dart        |    38 |    36 |    23 ||    97
       Call Imp          |     7 |    15 |     4 ||    26
       Mephitic Cloud    |       |     9 |     2 ||    11
       Conjure Flame     |       |       |     4 ||     4
  Use: Potion            |     2 |     2 |     1 ||     5
       Scroll            |     1 |     4 |     1 ||     6
 Stab: Sleeping          |     3 |     1 |       ||     4
       Distracted        |     1 |       |       ||     1
       Confused          |       |     1 |       ||     1
       Paralysed         |       |       |     1 ||     1
  Eat: Chunk             |     1 |    10 |    16 ||    27
       Bread ration      |     1 |       |       ||     1
Armor: Skin              |    35 |    42 |    64 ||   141
Dodge: Dodged            |    70 |    87 |    88 ||   245
